 Dungeon Crawl Stone Soup version 0.28.0 (webtiles) character file.

Game seed: 11570591800012796245

2247 tizbic2 the Spear-Bearer (level 9, 0/68 HPs)
             Began as a Hill Orc Gladiator on Feb 8, 2022.
             Was an Initiate of Beogh.
             Slain by a water moccasin (3 damage)
             ... on level 8 of the Dungeon.
             The game lasted 00:27:27 (6997 turns).

tizbic2 the Spear-Bearer (Hill Orc Gladiator)       Turns: 6997, Time: 00:27:27

Health: 0/68       AC:  7    Str: 17    XL:     9   Next: 37%
Magic:  9/9        EV: 12    Int: 12    God:    Beogh [......]
Gold:   205        SH:  0    Dex: 12    Spells: 3/8 levels left

rFire   . . .      SeeInvis .   w - +4 scythe (vorpal)
rCold   . . .      Faith    .   (shield currently unavailable)
rNeg    . . .      Spirit   .   s - +3 leather armour {rF+}
rPois   .          Reflect  .   c - +0 helmet
rElec   .          Harm     .   (no cloak)
rCorr   .          Rampage  .   (no gloves)
Will    .....                   (no boots)
Stlth   +.........              (no amulet)
HPRegen 0.21/turn               (no ring)
MPRegen 0.11/turn               (no ring)

@: fire susceptible
A: no striking features
a: Renounce Religion


You were on level 8 of the Dungeon.
You worshipped Beogh.
Beogh was noncommittal.
You visited 1 branch of the dungeon, and saw 9 of its levels.

You collected 205 gold pieces.

Inventory:

Hand Weapons
 q - a +0 hunting sling
 w - a +4 vorpal scythe (weapon)
Missiles
 d - 4 throwing nets
 g - 168 stones (quivered)
 p - 9 poisoned darts
Armour
 c - a +0 helmet (worn)
 s - a +3 leather armour of fire resistance (worn)
Jewellery
 b - a ring of fire
 n - a ring of fire
Wands
 j - a wand of acid (8)
 m - a wand of polymorph (11)
Scrolls
 a - a scroll of magic mapping
 h - 2 scrolls of immolation
 l - a scroll of vulnerability
 t - a scroll of amnesia
Potions
 e - a potion of attraction {unknown}
 f - 2 potions of curing
 i - 2 potions of brilliance {unknown}
 k - 3 potions of flight {unknown}
 o - a potion of mutation {unknown}
 r - a potion of magic
 v - a potion of might {unknown}
 x - 2 potions of lignification {unknown}


   Skills:
 - Level 2.4 Fighting
 * Level 9.0 Polearms
 - Level 1.7 Throwing
 - Level 2.4 Dodging
 + Level 8.6 Poison Magic


You had 3 spell levels left.
You knew the following spells:

 Your Spells              Type           Power      Damage    Failure   Level
a - Sting                 Tmut/Pois      40%        1d5       7%          1
b - Olgreb's Toxic Radia  Pois           20%        N/A       12%         4

Your spell library contained the following spells:

 Spells                   Type           Power      Damage    Failure   Level
 Poisonous Vapours        Pois/Air       20%        N/A       11%         2
 Gell's Gravitas          Tloc           0%         N/A       77%         3
 Teleport Other           Tloc           0%         N/A       77%         3
 Dispersal                Tloc           0%         N/A       100%        6


Dungeon Overview and Level Annotations

Branches:
Dungeon (9/15)
 Temple: D:4-7         Lair: D:8-11         Orc: D:9-12

Altars:
Qazlal
Ignis


Message History

The water moccasin poisons you!
You feel much better.
You feel very sick.
The water moccasin bites you but does no damage.
You barely miss the water moccasin.
You feel extremely sick. The water moccasin bites you. x2
* * * LOW HITPOINT WARNING * * *
You hit the water moccasin.
The water moccasin is lightly wounded.
You feel very sick.
The water moccasin barely misses you. x2
You slash the water moccasin!
The water moccasin is heavily wounded.
You feel very sick.
The water moccasin bites you but does no damage.
The water moccasin closely misses you. x2
You barely miss the water moccasin.
The water moccasin is heavily wounded.
You feel sick. The water moccasin bites you.
* * * LOW HITPOINT WARNING * * *
The water moccasin barely misses you.
It was a potion of curing.
You feel better. The water moccasin closely misses you.
You slash the water moccasin!
The water moccasin is almost dead.
The water moccasin bites you.
* * * LOW HITPOINT WARNING * * *
The water moccasin bites you!
* * * LOW HITPOINT WARNING * * *
You closely miss the water moccasin.
The water moccasin is almost dead.
The water moccasin bites you but does no damage.
The water moccasin bites you.
* * * LOW HITPOINT WARNING * * *
The water moccasin bites you but does no damage.
You hit the water moccasin but do no damage.
The water moccasin is almost dead.
The water moccasin bites you.
You die...

### . #.. .. ## #.#
...#..####.###
##...#......##
##......##....#######.##
#..?...>.$....YS@.......
........##....#######.##
......#.####..#
.....##.# #..# #...# #.#
#..# ##+# #.......#
#######.# #.# #.#


You could see a water moccasin and an ice beast.

Vanquished Creatures
  A hornet (D:5)
  Grinder (D:5)
  Sigmund (D:4)
  Menkaure (D:5)
  An ice beast (D:5)
  2 sky beasts
  A black bear (D:4)
  4 ogres
  Blork the orc (D:6)
  2 scorpions
  2 bullfrogs (D:7)
  A wight (D:7)
  2 centaur zombies
  2 hounds (D:4)
  A centaur skeleton (D:3)
  A scorpion zombie (D:5)
  An iguana (D:4)
  5 orc wizards (D:4)
  2 hound skeletons
  3 gnolls (D:3)
  A howler monkey skeleton (D:4)
  8 adders
  A white imp (D:5)
  An ufetubus (D:4)
  An adder skeleton (D:5)
  2 worms (D:2)
  3 dart slugs
  8 orcs
  6 ball pythons
  2 endoplasms
  2 giant cockroaches (D:2)
  5 goblins
  5 hobgoblins
  10 jackals
  4 kobolds
  2 quokkas
  7 bats
  2 frilled lizards
  4 rats
109 creatures vanquished.

Vanquished Creatures (others)
  3 orcs
  47 foxfires (D:3)
50 creatures vanquished.

Grand Total: 159 creatures vanquished

Notes
Turn   | Place    | Note
-------+----------+-------------------------------------------
     0 | D:1      | tizbic2 the Hill Orc Gladiator began the quest for the Orb.
     0 | D:1      | Reached XP level 1. HP: 18/18 MP: 1/1
    93 | D:1      | Found a faded altar of an unknown god.
   122 | D:1      | Prayed at the altar of an unknown god.
   122 | D:1      | Became a worshipper of Ignis, the Dying Flame
   286 | D:1      | Reached XP level 2. HP: 22/25 MP: 2/2
   426 | D:1      | Reached skill level 4 in Polearms
   432 | D:1      | Learned a level 1 spell: Sting
  1056 | D:2      | Reached skill level 1 in Poison Magic
  1056 | D:2      | Reached XP level 3. HP: 23/30 MP: 0/3
  1532 | D:2      | Reached XP level 4. HP: 37/37 MP: 1/4
  1957 | D:3      | Noticed Jessica
  1970 | D:3      | Noticed Jessica
  1970 | D:3      | Jessica changed into Jessica the rat
  1971 | D:3      | Killed Jessica the rat
  2098 | D:3      | Reached XP level 5. HP: 14/42 MP: 1/5
  2365 | D:3      | Noticed an ogre
  2373 | D:3      | Reached skill level 5 in Polearms
  2376 | D:3      | Killed an ogre
  2377 | D:3      | Reached XP level 6. HP: 13/50 MP: 6/6
  3243 | D:4      | Noticed a black bear
  3264 | D:4      | Killed a black bear
  3265 | D:4      | Reached skill level 6 in Polearms
  3265 | D:4      | Reached skill level 5 in Poison Magic
  3265 | D:4      | Reached XP level 7. HP: 28/56 MP: 1/7
  4664 | D:4      | Noticed Sigmund
  5083 | D:4      | Killed Sigmund
  5084 | D:4      | Reached XP level 8. HP: 31/62 MP: 6/8
  5297 | D:5      | Entered Level 5 of the Dungeon
  5297 | D:5      | Noticed Menkaure
  5442 | D:5      | Reached skill level 7 in Polearms
  5640 | D:5      | Found a stormy altar of Qazlal.
  5647 | D:5      | Noticed a hornet
  5656 | D:5      | Killed a hornet
  5660 | D:5      | Noticed Grinder
  5952 | D:5      | Killed Grinder
  6244 | D:5      | Killed Menkaure
  6245 | D:5      | Reached skill level 8 in Polearms
  6245 | D:5      | Reached XP level 9. HP: 60/68 MP: 9/9
  6253 | D:5      | Learned a level 4 spell: Olgreb's Toxic Radiance
  6614 | D:6      | Fell from the grace of Ignis
  6614 | D:6      | Became a worshipper of Beogh the Brigand
  6617 | D:6      | Noticed Blork the orc
  6626 | D:6      | Killed Blork the orc
  6923 | D:7      | Reached skill level 9 in Polearms
  6964 | D:7      | You fall into a shaft and drop 2 floors!
  6996 | D:8      | HP: 3/68 [water moccasin (4)]
  6997 | D:8      | Slain by a water moccasin

Illustrated notes

Levels and vault maps discovered:
D:1:      sevenhm_arrival_forest_fort_small_6, layout_loops_ring,
          dreamdust_ecumenical_altar_statues, st_stairs_2
D:2:      layout_loops_ring
D:3:      layout_rooms, uniq_jessica
D:4:      layout_loops_ring, uniq_sigmund
D:5:      layout_rooms, nicolae_qazlal_style_of_elements, uniq_grinder,
          uniq_menkaure
D:6:      layout_basic, amcnicky_altar_gilded, uniq_blork_the_orc
D:7:      layout_cave_pods, minmay_temple_entry_offerings,
          minmay_misc_feat_roman, minmay_ruined_shrine
D:8:      layout_loops_corners, serial_shops, nicolae_shop_hallway_plus,
          nicolae_square_shop, nicolae_shop_overgrown_old_shop,
          nicolae_shop_behind_doors, nicolae_diamond_shop,
          nicolae_ossuary_entry_giza
D:9:      layout_big_octagon, nicolae_overflow_hallway_of_the_gods

Skill      XL: |  1  2  3  4  5  6  7  8  9 |
---------------+----------------------------+-----
Polearms       | 4 5 6 8 9 |  9.0
Poison Magic   | 1 2 3 5 6 8 |  8.6
Fighting       | |  2.4
Throwing       | |  1.7
Dodging        | |  2.4

Action                   |  1- 3 |  4- 6 |  7- 9 || total
-------------------------+-------+-------+-------++-------
Melee: Trident           |    73 |    22 |    19 ||   114
       Punch             |     2 |       |     1 ||     3
       Unarmed           |       |     3 |       ||     3
       Halberd           |       |    36 |    83 ||   119
       Hunting sling     |       |       |     7 ||     7
       Scythe            |       |       |    84 ||    84
 Fire: Hunting sling     |    18 |       |    31 ||    49
Throw: Stone             |     1 |     7 |     9 ||    17
       Dart              |       |       |     2 ||     2
 Cast: Sting             |     8 |    19 |    26 ||    53
       Olgreb's Toxic Ra |       |       |     1 ||     1
Invok: Foxfire Swarm     |       |     4 |       ||     4
       Fiery Armour      |       |     1 |     1 ||     2
       Convert to Beogh  |       |       |     1 ||     1
Evoke: Wand              |       |     1 |       ||     1
  Use: Scroll            |       |     2 |     5 ||     7
       Potion            |       |       |     5 ||     5
Armor: Leather armour    |    23 |    27 |    68 ||   118
       Skin              |       |     1 |       ||     1
Dodge: Dodged            |    49 |    65 |   163 ||   277
